 Dungeon Crawl Stone Soup version 0.20.1-1-g8b1a95d (webtiles) character file.

31173 Theopeo the Basher (level 13, -1/128 HPs)
             Began as a Yellow Draconian Berserker on Aug 30, 2017.
             Was a High Priest of Trog.
             Succumbed to a spiny frog's poison
             ... on level 6 of the Lair of Beasts.
             The game lasted 01:13:33 (10891 turns).

Theopeo the Basher (Yellow Draconian Berserker)    Turns: 10891, Time: 01:13:33

Health: -1/128     AC: 12    Str: 19    XL:     13   Next: 24%
Magic:  0/14       EV: 19    Int:  8    God:    Trog [*****.]
Gold:   624        SH:  0    Dex: 16    Spells: 12/12 levels left

rFire    . . .     SeeInvis +   y - +12 glaive of Prune {chop}
rCold    . . .     Gourm    .   (shield currently unavailable)
rNeg     . . .     Faith    .   (armour unavailable)
rPois    .         Spirit   +   u - +2 hat of Melancholy {MR+ Slay+5}
rElec    +         Reflect  .   T - scarf {Spirit}
rCorr    +         Harm     .   r - +1 pair of gloves
MR       +++..                  (no boots)
Stlth    ++........             (no amulet)
Regen    1.4/turn               j - ring of see invisible
MPRegen  0.2/turn               B - ring of Conformity {rElec SInv}

@: lethally poisoned (-1 -> -9), regenerating, very slow
A: spit acid, acid resistance, unfitting armour, big wings, robust 1,
cold-blooded, AC +8
a: Breathe Acid, Fly, Berserk, Trog's Hand, Brothers in Arms, Burn Spellbooks,
Renounce Religion


You were on level 6 of the Lair of Beasts.
You worshipped Trog.
Trog was extremely pleased with you.
You were not hungry.

You visited 3 branches of the dungeon, and saw 16 of its levels.
You also visited: Ossuary.

You collected 624 gold pieces.

Inventory:

Hand Weapons
 a - the +0 demon whip "Vyeq" {venom, Str+4 SInv}
   (You acquired it on level 8 of the Dungeon)

   It poisons the flesh of those it strikes.
   It affects your strength (+4).
   It lets you see invisible.
 c - a +2 flail of protection
 i - a +2 vampiric whip
 m - a +2 flail
 y - the +12 glaive of Prune (weapon) {chop}
   (You found it on level 5 of the Lair of Beasts)

   It inflicts extra damage upon your enemies.
 A - a +5 flail of venom
 D - a +1 spear
 I - a +4 morningstar
 L - a +3 hand crossbow of velocity
 V - a +3 great sword of freezing
 Y - a +3 battleaxe
Missiles
 e - 4 large rocks
 n - 10 javelins (quivered)
 J - 5 exploding tomahawks
Armour
 r - a +1 pair of gloves (worn)
 s - a +0 shield
 u - the +2 hat of Melancholy (worn) {MR+ Slay+5}
   (You found it on level 5 of the Dungeon)

   It affects your accuracy and damage with ranged weapons and melee attacks
   (+5).
   It affects your resistance to hostile enchantments.
 v - a +0 shield
 C - a +2 hat
 T - a scarf of spirit shield (worn)
Magical Staves
 G - an uncursed staff of conjuration
Jewellery
 j - a ring of see invisible (left hand)
 B - the ring of Conformity (right hand) {rElec SInv}
   (You found it on level 9 of the Dungeon)

   [ring of see invisible]

   It insulates you from electricity.
   It lets you see invisible.
 F - an uncursed ring of loudness
Wands
 b - a wand of flame (37/48)
 d - a wand of random effects (28/48)
 q - a wand of random effects (16/48)
 H - a wand of confusion (29/48)
 K - a wand of lightning (4/15)
 M - a wand of random effects (18/48)
 P - a wand of acid (8/15)
 X - a wand of disintegration (0/24)
 Z - a wand of clouds (0/9)
Scrolls
 g - 3 scrolls of teleportation
 h - 7 scrolls of remove curse
 o - a scroll of identify
 t - 2 scrolls of enchant armour
 w - 3 scrolls of immolation
 R - a scroll of recharging
 S - a scroll of magic mapping
 W - a scroll of enchant weapon
Potions
 p - 2 potions of lignification
 x - a potion of invisibility
 z - a potion of might
 Q - a potion of haste
Comestibles
 k - 2 meat rations
 l - 10 royal jellies
 E - 14 fruits
 O - a bread ration


   Skills:
 + Level 11.8 Fighting
 + Level 14.0 Maces & Flails
 + Level 3.6 Polearms
 + Level 9.8 Dodging
 + Level 4.7 Stealth
 + Level 8.0 Shields
 + Level 2.2 Evocations


You had 12 spell levels left.
You didn't know any spells.

Dungeon Overview and Level Annotations

Branches:
Dungeon (9/15)             Temple (0/1) D:6            Lair (6/6) D:9
  Slime (0/5) Lair:6          Orc (1/2) D:9
  Swamp: Lair:2-4    Shoals: Lair:2-4     Snake: Lair:2-4    Spider: Lair:2-4

Altars:
Gozag
Hepliaklqana
Kikubaaqudgha
Okawaru
Trog
Xom
The Shining One
Jiyva

Annotations:
Lair:6 1 runed door


Innate Abilities, Weirdness & Mutations

You can spit globs of acid.
You are resistant to acid.
Your golden yellow scales are hard. (AC +8)
You cannot fit into any form of body armour.
You are cold-blooded and may be slowed by cold attacks.
Your large and strong wings let you fly indefinitely.
You are robust. (+10% HP)


Message History

The polar bear claws you but does no damage.
The polar bear claws you.
* * * LOW HITPOINT WARNING * * *
The spiny frog misses you. The spiny frog stings you!
* * * LOW HITPOINT WARNING * * *
You are poisoned.
The spiny frog poisons you! The wyvern barely misses you.
Your skin crawls.
You feel resistant to hostile enchantments.
You feel somewhat more hungry.
Your surroundings suddenly seem different.
Splash!
You feel sick.
Found 18 gold pieces.
You feel very sick.
You feel sick. The spiny frog stings you!
* * * LOW HITPOINT WARNING * * *
You are lethally poisoned!
The spiny frog poisons you! The spiny frog closely misses you.
You die...

#.. .... #P..
#####....P
###..##...#....##
.....$........#.#
..........#....##
...........≈....#
..PP.≈≈...#P....$
≈...≈.kF≈@≈.P≈≈P≈
.≈≈##≈l#.≈≈##≈P#
≈P#.P≈##≈≈#
§§≈§h≈≈≈≈≈≈P≈≈
##§≈≈.≈≈#≈≈≈##P≈
#§§§≈≈≈≈≈≈≈≈≈# ≈#
#§§§§≈≈≈#≈≈≈≈# #
#8P≈≈≈#≈≈≈≈≈.#
#####....# ###


.PP You could see a polar bear, a spiny frog, a rime drake and a wyvern.

Vanquished Creatures
  A catoblepas (Lair:5)
  3 hydras
  A two-headed ogre (Orc:1)
  A wolf spider (Lair:4)
  6 elephants (Lair:3)
  3 black mambas
  8 spiny frogs
  2 rime drakes
  18 komodo dragons
  A troll (D:8)
  The ghost of kohrah the Poker, an amateur DrGl (Ossuary)
  2 hornets
  A polar bear (Lair:2)
  Prince Ribbit (D:5)
  9 blink frogs
  8 hippogriffs
  Sigmund (D:4)
  A redback (Lair:3)
  A human (D:9)
  15 yaks
  3 wyverns
  3 basilisks
  Grum (D:8)
  4 hogs (D:9)
  7 porcupines
  7 water moccasins
  An orc warrior (D:9)
  2 ice beasts
  A sky beast (D:5)
  2 necrophages (D:9)
  2 phantoms (D:5)
  2 ogres
  3 wolves (D:8)
  6 centaurs
  7 crocodiles
  An elf zombie (Ossuary)
  4 bullfrogs
  3 scorpions
  A water moccasin skeleton (D:9)
  6 killer bees (D:6)
  14 wights
  6 howler monkeys
  4 crimson imps
  3 bullfrog zombies
  A human zombie (Ossuary)
  3 centaur zombies (Ossuary)
  4 orc priests
  A hound (D:8)
  A jelly (D:6)
  6 orc wizards
  3 centaur skeletons
  An iguana (D:6)
  10 worker ants
  A big kobold zombie (Ossuary)
  A hound zombie (D:9)
  3 hound skeletons
  2 mummies (Ossuary)
  3 gnolls (D:4)
  12 adders
  2 adder skeletons (D:9)
  An adder zombie (D:6)
  A worm (D:5)
  3 leopard geckos
  17 orcs
  4 bats
  7 giant cockroaches
  7 goblins
  4 hobgoblins
  11 jackals
  6 kobolds
  3 quokkas
  2 goblin zombies (Ossuary)
  10 hobgoblin zombies (Ossuary)
  2 jackal zombies (Ossuary)
  10 kobold zombies (Ossuary)
  6 orc zombies (Ossuary)
  2 rats (D:1)
  A rat zombie (Ossuary)
  A fungus (Lair:2)
329 creatures vanquished.

Vanquished Creatures (collateral kills)
  A death yak (Lair:2)
  4 elephants (Lair:6)
  2 spiny frogs (Lair:6)
  A torpor snail (Lair:2)
  A polar bear (Lair:6)
  2 hippogriffs (Lair:6)
  A blink frog (Lair:5)
  4 yaks
  A fungus (Lair:2)
  A plant (Lair:2)
18 creatures vanquished.

Vanquished Creatures (others)
  17 fungi
  38 plants
55 creatures vanquished.

Grand Total: 402 creatures vanquished

Notes
Turn   | Place    | Note
-------+----------+-------------------------------------------
     0 | D:1      | Theopeo the Draconian Berserker began the quest for the Orb.
     0 | D:1      | Reached XP level 1. HP: 19/19 MP: 1/1
   207 | D:1      | Reached XP level 2. HP: 22/26 MP: 2/2
   278 | D:1      | Reached ** piety under Trog
   363 | D:1      | Reached XP level 3. HP: 29/31 MP: 3/3
   466 | D:2      | Found an iron altar of Okawaru.
   583 | D:3      | Found a faded altar of an unknown god.
   785 | D:2      | Reached XP level 4. HP: 36/38 MP: 4/4
  1107 | D:3      | Reached skill level 4 in Maces & Flails
  1107 | D:3      | Reached skill level 1 in Stealth
  1165 | D:4      | Reached XP level 5. HP: 32/46 MP: 5/5
  1460 | D:4      | Reached skill level 5 in Maces & Flails
  1460 | D:4      | Reached XP level 6. HP: 25/52 MP: 6/6
  1900 | D:4      | Reached *** piety under Trog
  1911 | D:4      | Noticed Sigmund
  1988 | D:4      | Killed Sigmund
  1988 | D:4      | Your scales start taking on a golden yellow colour.
  1988 | D:4      | Reached XP level 7. HP: 52/60 MP: 7/7
  2010 | D:4      | Found a hazy altar of Hepliaklqana.
  2044 | D:5      | Entered Level 5 of the Dungeon
  2095 | D:5      | Noticed Prince Ribbit
  2104 | D:5      | HP: 1/60 [Prince Ribbit (15)]
  2313 | D:5      | Killed Prince Ribbit
  2313 | D:5      | Reached skill level 6 in Maces & Flails
  2338 | D:5      | Reached skill level 5 in Fighting
  2687 | D:5      | Reached skill level 5 in Dodging
  2710 | D:5      | Got a translucent hat
  2714 | D:5      | Identified the +2 hat of Melancholy {MR+ Slay+5} (You found it on level 5 of the Dungeon)
  2833 | D:5      | Reached XP level 8. HP: 69/69 MP: 8/8
  2857 | D:5      | Reached skill level 7 in Maces & Flails
  2857 | D:5      | Reached skill level 1 in Shields
  2866 | D:6      | Found a sand-covered staircase.
  2884 | Ossuary  | Entered an ossuary
  2884 | Ossuary  | Noticed kohrah's ghost (amateur DrGl)
  2895 | Ossuary  | Killed kohrah's ghost
  3024 | Ossuary  | Reached **** piety under Trog
  3046 | Ossuary  | Reached skill level 8 in Maces & Flails
  3196 | D:6      | Reached XP level 9. HP: 59/77 MP: 9/9
  3476 | D:6      | Found an ancient bone altar of Kikubaaqudgha.
  3514 | D:6      | Reached skill level 9 in Maces & Flails
  3617 | D:6      | Found a staircase to the Ecumenical Temple.
  3789 | D:6      | Reached ***** piety under Trog
  3881 | D:7      | Received a gift from Trog
  3911 | D:7      | Reached skill level 10 in Maces & Flails
  4498 | D:7      | Found a bloodstained altar of Trog.
  4594 | D:8      | Found a shimmering altar of Xom.
  4594 | D:8      | Found a shimmering altar of Xom.
  4602 | D:8      | Found a shimmering altar of Xom.
  4602 | D:8      | Found a shimmering altar of Xom.
  4603 | D:8      | Found a shimmering altar of Xom.
  4636 | D:8      | Noticed a troll
  4664 | D:8      | Reached XP level 10. HP: 86/86 MP: 10/10
  4679 | D:8      | Noticed Grum
  4893 | D:8      | Found an opulent altar of Gozag.
  4927 | D:8      | Killed Grum
  5227 | D:8      | Identified a scroll of acquirement
  5228 | D:8      | Got an ichor-stained demon whip
  5302 | D:9      | Gained mutation: You are robust. (+10% HP) [potion of mutation]
  5302 | D:9      | Gained mutation: Your large and strong wings let you fly indefinitely. [potion of mutation]
  5304 | D:9      | Found a staircase to the Orcish Mines.
  5313 | Orc:1    | Entered Level 1 of the Orcish Mines
  5314 | Orc:1    | Noticed a two-headed ogre
  5322 | Orc:1    | Killed a two-headed ogre
  5322 | Orc:1    | Reached skill level 11 in Maces & Flails
  5322 | Orc:1    | Reached skill level 1 in Evocations
  6019 | D:9      | Reached skill level 5 in Shields
  6419 | D:9      | Found a glowing golden altar of the Shining One.
  6438 | D:9      | Got a shimmering turquoise ring
  6508 | D:9      | Found a staircase to the Lair.
  6545 | D:9      | Identified the ring of Conformity {rElec SInv} (You found it on level 9 of the Dungeon)
  6548 | Lair:1   | Entered Level 1 of the Lair of Beasts
  6636 | Lair:1   | Reached XP level 11. HP: 103/104 MP: 12/12
  6876 | Lair:1   | Received a gift from Trog
  6886 | Lair:1   | Reached skill level 12 in Maces & Flails
  7032 | Lair:1   | Noticed a four-headed hydra
  7058 | Lair:1   | Killed a four-headed hydra
  8087 | Lair:2   | Reached skill level 10 in Fighting
  8656 | Lair:2   | Identified the +0 demon whip "Vyeq" {venom, Str+4 SInv} (You acquired it on level 8 of the Dungeon)
  8663 | Lair:2   | Reached skill level 13 in Maces & Flails
  8665 | Lair:2   | Noticed a death yak
  8680 | Lair:2   | Killed a death yak
  8680 | Lair:2   | Reached XP level 12. HP: 89/116 MP: 10/13
  9215 | Lair:3   | You fall through a shaft!
  9461 | Lair:4   | Received a gift from Trog
 10177 | Lair:5   | Noticed a catoblepas
 10194 | Lair:5   | Killed a catoblepas
 10285 | Lair:4   | Noticed a six-headed hydra
 10303 | Lair:4   | Killed a six-headed hydra
 10436 | Lair:5   | Reached skill level 14 in Maces & Flails
 10525 | Lair:6   | Entered Level 6 of the Lair of Beasts
 10531 | Lair:6   | Reached XP level 13. HP: 115/127 MP: 14/14
 10715 | Lair:6   | Found a runed door.
 10716 | Lair:6   | Found a viscous altar of Jiyva.
 10716 | Lair:6   | Noticed an acid blob
 10717 | Lair:6   | Noticed an acid blob
 10726 | Lair:6   | Reached skill level 1 in Polearms
 10734 | Lair:6   | Found a staircase to the Slime Pits.
 10864 | Lair:6   | Noticed a dire elephant
 10890 | Lair:6   | HP: 1/128 [spiny frog (13)]
 10891 | Lair:6   | Succumbed to a spiny frog's poison

Skill      XL: |  1  2  3  4  5  6  7  8  9 10 11 12 13 |
---------------+----------------------------------------+-----
Dodging        | 3 4 5 6 7 8 9 |  9.8
Maces & Flails | 4 5 6 8 10 11 13 14 | 14.0
Stealth        | 1 2 3 4 |  4.7
Fighting       | 4 5 6 7 8 10 11 | 11.8
Shields        | 2 4 5 6 7 8 |  8.0
Evocations     | 1 2 |  2.2
Polearms       | 3 |  3.6

Action                   |  1- 3 |  4- 6 |  7- 9 | 10-12 | 13-15 || total
-------------------------+-------+-------+-------+-------+-------++-------
Melee: Mace              |   101 |   102 |   308 |       |       ||   511
       Tailslap          |     8 |    12 |    42 |   104 |     4 ||   170
       Morningstar       |       |       |    42 |   273 |       ||   315
       Demon whip        |       |       |       |   236 |       ||   236
       Glaive            |       |       |       |     6 |    49 ||    55
Invok: Berserk           |     2 |     3 |     8 |     6 |     2 ||    21
       Trog's Hand       |       |     1 |     1 |     1 |     2 ||     5
       Brothers in Arms  |       |       |     1 |     2 |     2 ||     5
       Burn Spellbooks   |       |       |     1 |       |       ||     1
 Abil: Breathe Acid      |       |       |     5 |    12 |     2 ||    19
Evoke: Wand              |       |       |       |    11 |       ||    11
  Use: Scroll            |     4 |       |     9 |    20 |     4 ||    37
       Potion            |     2 |     2 |     4 |    13 |       ||    21
 Stab: Sleeping          |       |     1 |     4 |     7 |       ||    12
       Distracted        |       |       |       |     1 |       ||     1
  Eat: Meat ration       |       |     2 |       |       |     1 ||     3
       Bread ration      |       |       |     3 |     6 |       ||     9
       Chunk             |       |       |     3 |       |     3 ||     6
       Royal jelly       |       |       |       |     1 |       ||     1
Armor: Skin              |    52 |    23 |    85 |    94 |    30 ||   284
Dodge: Dodged            |    98 |    85 |   168 |   254 |    83 ||   688
Block: Shield            |       |       |   144 |   192 |       ||   336
